 Dungeon Sprint DCSS version 0.29.1-12-g30fa7ad0bf (webtiles) character file.

Game seed: 15850223273902147645

2276 112233 the Unseen (level 9, 0/53 HPs)
             Began as a Spriggan Brigand on Dec 25, 2022.
             Was a Believer of Sif Muna.
             Slain by a cyan ugly thing (15 damage)
             ... in the Dungeon (Sprint IX: "|||||||||||||||||||||||||||||").
             The game lasted 00:01:36 (651 turns).

112233 the Unseen (Spriggan Brigand)                 Turns: 651, Time: 00:01:36

Health: 0/53       AC:  3    Str:  7    XL:     9   Next: 16%
Magic:  10/10      EV: 32    Int: 15    God:    Sif Muna [**....]
Gold:   0          SH:  0    Dex: 24    Spells: 8/8 levels left

rFire   . . .      SeeInvis +   o - +2 rapier (venom)
rCold   . . .      Faith    .   (no shield)
rNeg    . . .      Spirit   .   b - +0 robe
rPois   .          Reflect  .   (helmet restricted)
rElec   .          Harm     .   c - +0 cloak
rCorr   .          Rampage  .   (gloves unavailable)
Will    +....      NoTele   +   (boots unavailable)
Stlth   ++++++....              (no amulet)
HPRegen 0.17/turn               r - +3 ring of dexterity
MPRegen 0.12/turn               s - +3 ring of dexterity

@: on berserk cooldown, slowed, quick
A: very small, no large weapons, unfitting armour, see invisible, speed 3
a: Renounce Religion, Channel Magic


You were in the Dungeon.
You worshipped Sif Muna.
Sif Muna was pleased with you.
You visited 1 branch

Inventory:

Hand Weapons
 o - a +2 rapier of venom (weapon)
Missiles
 d - 9 poisoned darts (quivered)
 e - 3 curare-tipped darts
Armour
 b - a +0 robe (worn)
 c - a +0 cloak (worn)
Jewellery
 r - a +3 ring of dexterity (left hand)
 s - a +3 ring of dexterity (right hand)
Wands
 n - a wand of iceblast (10)
Scrolls
 k - 2 scrolls of blinking
 m - 2 scrolls of amnesia
Potions
 f - 5 potions of curing
 g - 2 potions of heal wounds
 h - a potion of haste
 i - 4 potions of magic


   Skills:
 + Level 9.4 Fighting
 + Level 12.1 Short Blades
 - Level 2.0 Throwing
 + Level 14.1 Dodging
 - Level 15.1 Stealth


You had 8 spell levels left.
You didn't know any spells.
Your spell library was empty.

Dungeon Overview and Level Annotations

Branches:
Dungeon (1/1)

Altars:
Cheibriados
Dithmenos
Elyvilon
Fedhas
Gozag
Hepliaklqana
Kikubaaqudgha
Makhleb
Nemelex Xobeh
Okawaru
Qazlal
Ru
Sif Muna
Trog
Uskayaw
Vehumet
Wu Jian
Xom
Yredelemnul
Zin
The Shining One
Jiyva
Lugonu


Innate Abilities, Weirdness & Mutations

You are very small and have problems with some larger weapons.
You are too small for most types of armour.
You have supernaturally acute eyesight. (SInv)
You cover ground extremely quickly. (Speed+++)


Message History

The cyan ugly thing is moderately wounded.
The cyan ugly thing misses you.
You puncture the cyan ugly thing!
The cyan ugly thing looks as sick as possible!
The cyan ugly thing is moderately wounded.
You puncture the cyan ugly thing!
The cyan ugly thing looks as sick as possible!
The cyan ugly thing is heavily wounded.
You are no longer berserk.
You are exhausted.
You feel yourself slow down.
You barely miss the cyan ugly thing.
The cyan ugly thing is heavily wounded.
The cyan ugly thing misses you.
Unknown command.
There is an open door, spattered with blood here.
Things that are here:
a +0 troll leather armour; a troll corpse; a troll corpse
Things that are here:
a +0 giant club; a +0 giant spiked club The rime drake changes into a blink frog!
You see here a +0 morningstar.
Items here: )) [ ÷÷.
You see here a +0 shortbow.
The cyan ugly thing attacks as you move away!
The cyan ugly thing closely misses you.
The blink frog blinks!
Things that are here:
a +0 club; a +0 leather armour The cyan ugly thing attacks as you move away!
The cyan ugly thing completely misses you.
There is an open door to the Dungeon here.
Things that are here:
a +2 dagger; a +0 pair of gloves; a +0 cloak You see here a +0 plate armour.
Items here: ))))).
The cyan ugly thing attacks as you move away!
The cyan ugly thing pecks you!
* * * LOW HITPOINT WARNING * * *
The cyan ugly thing shocks you!
You die...

▓)▓
▓'▓
▓)▓
▓.▓
▓[▓
▓c▓
▓.▓
▓u▓
▓@▓
▓.▓
▓.▓
▓'▓
▓_▓
▓_▓
▓_▓
▓_▓
▓_▓


You could see a cyan ugly thing (very poisoned) and a centaur.

Vanquished Creatures
  A centaur warrior (D)
  A two-headed ogre (D)
  A gargoyle (D)
  2 trolls (D)
  An ice beast (D)
  2 centaurs (D)
  A scorpion (D)
  A gnoll bouda (D)
  An orc wizard (D)
  2 adders (D)
  An orc (D)
  An endoplasm (D)
  A hobgoblin (D)
  A kobold (D)
  A goblin (D)
  A rat (D)
19 creatures vanquished.

Notes
Turn   | Place    | Note
-------+----------+-------------------------------------------
     0 | D        | 112233 the Spriggan Brigand began the quest for the Orb.
     0 | D        | Reached XP level 1. HP: 10/10 MP: 2/2
    12 | D        | Reached skill level 6 in Stealth
   178 | D        | Noticed an ice beast
   178 | D        | Noticed a scorpion
   180 | D        | Killed a scorpion
   181 | D        | Reached skill level 5 in Dodging
   181 | D        | Reached skill level 8 in Stealth
   181 | D        | Reached XP level 2. HP: 16/16 MP: 3/3
   181 | D        | Reached XP level 3. HP: 20/20 MP: 4/4
   182 | D        | Killed an ice beast
   183 | D        | Reached skill level 10 in Stealth
   183 | D        | Reached XP level 4. HP: 26/26 MP: 5/5
   183 | D        | Reached XP level 5. HP: 30/30 MP: 6/6
   195 | D        | Found a snail-covered altar of Cheibriados.
   195 | D        | Found a shadowy altar of Dithmenos.
   195 | D        | Found a white marble altar of Elyvilon.
   195 | D        | Found a blossoming altar of Fedhas.
   195 | D        | Found an opulent altar of Gozag.
   196 | D        | Found a hazy altar of Hepliaklqana.
   197 | D        | Found a viscous altar of Jiyva.
   198 | D        | Found an ancient bone altar of Kikubaaqudgha.
   199 | D        | Found a corrupted altar of Lugonu.
   200 | D        | Found a burning altar of Makhleb.
   201 | D        | Found a sparkling altar of Nemelex Xobeh.
   202 | D        | Found an iron altar of Okawaru.
   203 | D        | Found a stormy altar of Qazlal.
   204 | D        | Found a sacrificial altar of Ru.
   205 | D        | Found a shimmering blue altar of Sif Muna.
   206 | D        | Found a bloodstained altar of Trog.
   207 | D        | Found a hide-covered altar of Uskayaw.
   208 | D        | Found a radiant altar of Vehumet.
   209 | D        | Found an ornate altar of the Wu Jian Council.
   210 | D        | Found a shimmering altar of Xom.
   211 | D        | Found a basalt altar of Yredelemnul.
   212 | D        | Found a glowing silver altar of Zin.
   213 | D        | Found a glowing golden altar of the Shining One.
   215 | D        | Became a worshipper of Sif Muna the Loreminder
   249 | D        | Noticed a two-headed ogre
   249 | D        | Noticed a gargoyle
   249 | D        | Noticed a centaur
   249 | D        | Noticed a centaur
   252 | D        | Reached skill level 5 in Fighting
   255 | D        | Killed a centaur
   256 | D        | Reached skill level 11 in Stealth
   256 | D        | Reached XP level 6. HP: 20/35 MP: 7/7
   259 | D        | Reached * piety under Sif Muna
   263 | D        | Reached skill level 12 in Stealth
   269 | D        | Killed a gargoyle
   270 | D        | Reached skill level 10 in Dodging
   270 | D        | Reached skill level 13 in Stealth
   270 | D        | Reached XP level 7. HP: 29/41 MP: 8/8
   281 | D        | Killed a two-headed ogre
   281 | D        | Reached ** piety under Sif Muna
   282 | D        | Reached skill level 10 in Short Blades
   282 | D        | Reached skill level 15 in Stealth
   282 | D        | Reached XP level 8. HP: 14/47 MP: 9/9
   606 | D        | Noticed a harpy
   606 | D        | Noticed a cyan ugly thing
   606 | D        | Noticed a centaur warrior
   606 | D        | Noticed a troll
   606 | D        | Noticed a troll
   613 | D        | Killed a troll
   618 | D        | Killed a troll
   626 | D        | Killed a centaur warrior
   626 | D        | Noticed a rime drake
   626 | D        | a harpy changed into a rime drake
   627 | D        | Reached XP level 9. HP: 31/53 MP: 10/10
   639 | D        | a rime drake changed into a blink frog
   651 | D        | Slain by a cyan ugly thing

Illustrated notes

Levels and vault maps discovered:
D:        linesprint [early_d, line_temple, items_1, d_10, items_2, lair_1,
          lair_end, items_3, orc_1, orc_end, items_4, d_15, swamp_1, shoals_1,
          snake_1, spider_1, d_20, vaults_1, items_5, swamp_end, shoals_end,
          snake_end, spider_end, vaults_end, d_27, items_6, zot_1, zot_end,
          crypt_end, forest_end, elf_end, slime_end, tomb_end, abyss_end,
          pan_hell_end]

Skill      XL: |  1  2  3  4  5  6  7  8 |
---------------+-------------------------+-----
Stealth        | 8 10 11 13 15 | 15.1
Fighting       | 3 4 5 6 7 9 |  9.4
Dodging        | 5 6 8 10 12 14 | 14.1
Short Blades   | 4 6 7 9 10 12 | 12.1
Throwing       | |  2.0

Action                   |  1- 3 |  4- 6 |  7- 9 || total
-------------------------+-------+-------+-------++-------
Melee: Dagger            |    21 |     8 |       ||    29
       Rapier            |       |    14 |    36 ||    50
  Use: Potion            |       |     2 |     1 ||     3
 Stab: Sleeping          |     2 |     1 |       ||     3
       Invisible         |       |     4 |     1 ||     5
       Distracted        |       |     1 |       ||     1
Armor: Robe              |     2 |       |     1 ||     3
Dodge: Dodged            |     9 |    21 |    25 ||    55
